 Dungeon Crawl Stone Soup version 0.31.0-11-ge490571c62 (webtiles) character file.

Game seed: 7925995377689689035

43393 Arex the Metamorph (level 13, -10/166 (168) HPs)
             Began as a Minotaur Berserker on Feb 3, 2024.
             Was an Elder of Trog.
             Mangled by an orc knight
             ... wielding a +0 bardiche
              (13 damage)
             ... on level 2 of the Orcish Mines.
             The game lasted 00:42:44 (19485 turns).

Arex the Metamorph (Minotaur Berserker)            Turns: 19485, Time: 00:42:46

HP:   -10/166 (168) AC: 15    Str: 32 (34) XL:     13   Next: 90%
MP:   0/12          EV: 14    Int:  4 (6)  God:    Trog [****..]
Gold: 2351          SH:  0    Dex: 10 (11) Spells: 12/12 levels left

rFire   + + .        F - melded +5 war axe (freeze)
rCold   x . .        (shield currently unavailable)
rNeg    . . .        H - melded +0 plate armour
rPois   +            (helmet currently unavailable)
rElec   .            (cloak currently unavailable)
rCorr   .            (gloves currently unavailable)
SInv    .            (boots currently unavailable)
Will    .....        f - amulet of guardian spirit
Stlth   +            d - +5 ring of evasion
HPRegen 1.27/turn    r - +4 ring of protection
MPRegen 0.13/turn

%: guardian spirit
@: short of breath, dragon-form, flying, lightly drained
A: dragon claw, dragon scales, breathe fire, flying, boosted hp, giant, (horns
2), (retaliatory headbutt), deterioration 1, regeneration 1
a: Breathe Fire, Begin Untransformation, Renounce Religion, Berserk, Trog's
Hand, Brothers in Arms


You were on level 2 of the Orcish Mines.
You worshipped Trog.
Trog was greatly pleased with you.
You were a fearsome dragon!
You visited 3 branches of the dungeon, and saw 18 of its levels.

You collected 2351 gold pieces.

Inventory:

Hand Weapons
 F - a +5 war axe of freezing (melded)
Armour
 y - a +2 cloak
 H - a +0 plate armour (melded)
Jewellery
 d - a +5 ring of evasion (left foreclaw)
 f - an amulet of guardian spirit (around neck)
 r - a +4 ring of protection (right foreclaw)
 u - a ring of willpower
 C - the ring "Riamue" {rF+ rC+ Int-3 Dex+4}
   (You acquired it on level 6 of the Dungeon)

   [ring of protection from fire]

   Int-3:     It affects your intelligence (-3).
   Dex+4:     It affects your dexterity (+4).
   rF+:       It protects you from fire.
   rC+:       It protects you from cold.
 L - a ring of protection from fire
Talismans
 k - a dragon-blood talisman (active)
 s - a storm talisman
 t - a serpent talisman
Wands
 b - a wand of light (5)
 q - a wand of charming (24)
 E - a wand of polymorph (5)
 M - a wand of flame (6)
Scrolls
 c - a scroll of revelation {unknown}
 j - a scroll of summoning {unknown}
 l - 2 scrolls of enchant armour
 m - a scroll of amnesia {unknown}
 x - 2 scrolls of noise
 D - a scroll of immolation
 I - a scroll of fog
 J - a scroll of torment
 K - 2 scrolls of vulnerability
 P - a scroll of teleportation
Potions
 e - a potion of brilliance {unknown}
 g - a potion of mutation
 h - a potion of degeneration
 i - a potion of berserk rage {unknown}
 n - a potion of magic {unknown}
 o - 5 potions of curing
 p - 3 potions of enlightenment
 w - a potion of resistance {unknown}
 z - 3 potions of cancellation
 A - 4 potions of lignification
 B - 2 potions of invisibility {unknown}
 G - 2 potions of attraction {unknown}
 N - a potion of might {unknown}
 Q - a potion of heal wounds {unknown}


   Skills:
 + Level 10.9 Fighting
 - Level 4.9 Axes
 - Level 4.1 Armour
 + Level 5.8 Dodging
 + Level 8.8 Unarmed Combat
 - Level 0.8 Evocations
 * Level 15.7 Shapeshifting


You had 12 spell levels left.
You didn't know any spells.
Your spell library was empty.

Dungeon Overview and Level Annotations

Branches:
Dungeon (12/15) Zot: 25613  Temple (0/1) D:7            Lair (4/5) D:11 Zot: 20237
 Shoals (0/4) Lair:3       Spider (0/4) Lair:2          Orc (2/2) D:9 Zot: 9966
    Elf (0/3) Orc:2
  Slime: Lair:4-5

Altars:
Ashenzari
Cheibriados
Gozag
Kikubaaqudgha
Makhleb
Okawaru
Qazlal
Sif Muna
Uskayaw
Vehumet
Zin
The Shining One

Shops:
Orc:1 **[   Orc:2 [

Annotations:
D:3 1 runed translucent door, DoNotCum's ghost, amateur NaAl
Lair:3 2 transporters, exclusion: oklob plant, Befuwnopp's ghost, journeyman TrHu
Lair:4 Sonja
Orc:1 3 runed translucent doors, Kaxaet's ghost, journeyman MfAl


Innate Abilities, Weirdness & Mutations

You are a fearsome dragon!
You have a powerful clawing attack.
Your giant scaled body is strong and resilient, but less evasive.
You can breathe fire.
You are flying.
Your maximum health is greatly increased.
Your armour is entirely melded.
You are incapable of wielding weapons or throwing items.
((You have a pair of horns on your head.))
((You reflexively headbutt those who attack you in melee.))
Your body sometimes deteriorates upon taking damage.
Your natural rate of healing is unusually fast.


Message History

Trog accepts your kill.
You maul the orc knight!!!
The orc knight is severely wounded.
The orc knight hits you from afar with a +0 bardiche!!
The orc warrior hits you from afar with a +4 halberd!
The orc knight hits you with a +0 great sword!!!
Your ogre barely misses the orc knight.
Unknown command.
You are too injured to fight recklessly!
Unknown command.
You are too injured to fight recklessly!
Unknown command.
You are too injured to fight recklessly!
You barely miss the orc knight.
You tail-slap the orc knight, but do no damage.
The orc knight is severely wounded.
Your two-headed ogre rages.
The orc knight hits you from afar with a +0 bardiche!!
* * * LOW HITPOINT WARNING * * *
The orc knight hits you with a +0 war axe!
* * * LOW HITPOINT WARNING * * *
Your body deteriorates!
You feel weakened. The orc knight barely misses you.
The orc warrior misses you.
Your ogre hits the orc knight with a +0 giant spiked club!
Your two-headed ogre hits the orc knight with a +0 giant club!
Your two-headed ogre barely misses the orc knight.
The orc knight hits you from afar with a +0 bardiche!
* * * LOW HITPOINT WARNING * * *
The orc knight hits your two-headed ogre with a +0 great sword!!!
Your ogre barely misses the orc knight.
Unknown command.
Okay, then.
It was a potion of degeneration.
There was something very wrong with that liquid.
You feel weakened.
You feel dopey.
You feel clumsy.
Your two-headed ogre hits the orc knight with a +0 giant club!!
The orc knight dies!
Trog accepts your kill.
The orc knight hits you from afar with a +0 bardiche!
You die...

..............................###
######.###.###.#######......#####
.._..#[# #.# #.# ...#......#..##
.....#[###.###.# ...#..........#
.....#[[.......#. ...#...#..#..##
##)###[###.###.#..o).#........###
.)))..)# #.# #.###o###...#.....#.
8...8..# #.# #..)OO..............
.....).# #.# #..D))..............
.......###.###..##o###........##.
................# oo.#...........
##.###.#######..# o..#........##.
#.# #.# #..# ..∩#......)..##
##.###.#######..######..........#
...........................#.....
.................................
....#...#.#......................


You could see 2 orc knights, 2 orc warriors, a friendly two-headed ogre
(summoned, berserk) and a friendly ogre (summoned, berserk).

Vanquished Creatures
  A hydra (Lair:4)
  An ogre mage (Orc:1)
  3 boulder beetles
  8 two-headed ogres
  A skyshark (Lair:3)
  3 orc knights
  An ugly thing (D:12)
  5 orc sorcerers (Orc:2)
  4 cyclopes
  3 elephants (Lair:3)
  A manticore (D:12)
  2 kobold blastminers
  7 cane toads
  4 unseen horrors (D:11)
  A rime drake (D:11)
  3 komodo dragons
  A kobold demonologist (D:12)
  4 merfolk (Lair:3)
  A polar bear (D:10)
  3 trolls
  Prince Ribbit (D:8)
  6 culicivoras (Lair:2)
  A shadow (D:12)
  2 wyverns
  A vampire (D:11)
  A wraith (D:12)
  31 yaks
  2 steam dragons
  9 wargs
  Menkaure (D:7)
  An acid dragon (D:12)
  10 water moccasins
  4 ice beasts
  3 black bears
  21 orc warriors
  2 sky beasts
  19 ogres
  18 wolves
  6 centaurs
  3 phantoms
  11 bullfrogs
  2 kobold brigands
  2 gnoll sergeants
  2 scorpions
  4 necrophages (Lair:2)
  6 wights (D:6)
  4 electric eels (D:9)
  7 howler monkeys
  A bombardier beetle (D:7)
  2 hounds
  A gnoll bouda (D:10)
  15 orc priests
  2 jellies
  5 iguanas
  42 orc wizards
  2 sleepcaps
  8 gnolls
  7 adders
  2 white imps
  6 ufetubi
  4 ribbon worms
  5 dart slugs
  89 orcs
  9 ball pythons
  7 endoplasms
  5 giant cockroaches
  10 goblins
  8 hobgoblins
  6 jackals
  15 kobolds
  5 quokkas
  18 bats
  4 frilled lizards
  4 rats
519 creatures vanquished.

Vanquished Creatures (collateral kills)
  2 two-headed ogres
  An orc knight (Orc:2)
  A manticore (D:12)
  A yak (Lair:2)
  2 orc warriors (D:9)
  A kobold brigand (D:8)
  3 wights (D:6)
  An orc priest (D:8)
  4 orc wizards
  2 gnolls (D:8)
  7 orcs
  2 kobolds (D:8)
27 creatures vanquished.

Vanquished Creatures (others)
  An orc warrior (Orc:2)
  An orc (Orc:2)
2 creatures vanquished.

Grand Total: 548 creatures vanquished

Notes
Turn   | Place    | Note
-------+----------+-------------------------------------------
     0 | D:1      | Arex the Minotaur Berserker began the quest for the Orb.
     0 | D:1      | Reached XP level 1. HP: 19/19 MP: 0/0
   141 | D:1      | Reached XP level 2. HP: 27/27 MP: 1/1
   395 | D:1      | Reached ** piety under Trog
   510 | D:1      | Reached XP level 3. HP: 25/33 MP: 2/2
  1310 | D:2      | Reached XP level 4. HP: 40/41 MP: 1/3
  1491 | D:3      | Found a radiant altar of Vehumet.
  1540 | D:3      | Reached *** piety under Trog
  1618 | D:3      | Found a runed translucent door.
  1618 | D:3      | Noticed DoNotCum's ghost (amateur NaAl)
  1807 | D:3      | Reached XP level 5. HP: 47/47 MP: 4/4
  1872 | D:3      | Noticed an ogre
  1877 | D:3      | Killed an ogre
  1878 | D:3      | Reached skill level 5 in Fighting
  2088 | D:3      | Found an ancient bone altar of Kikubaaqudgha.
  2429 | D:4      | Noticed a black bear
  2450 | D:4      | Reached skill level 1 in Shapeshifting
  2450 | D:4      | Reached XP level 6. HP: 54/56 MP: 3/5
  2455 | D:4      | Reached skill level 2 in Shapeshifting
  2617 | D:4      | Reached skill level 3 in Shapeshifting
  2709 | D:4      | Reached XP level 7. HP: 61/61 MP: 6/6
  3034 | D:4      | Found a glowing golden altar of the Shining One.
  3204 | D:5      | Entered Level 5 of the Dungeon
  3209 | D:5      | Reached skill level 4 in Shapeshifting
  3334 | D:5      | Reached skill level 5 in Shapeshifting
  3378 | D:5      | Reached XP level 8. HP: 64/68 MP: 5/7
  3465 | D:5      | Found a shimmering blue altar of Sif Muna.
  3465 | D:5      | Found a snail-covered altar of Cheibriados.
  3634 | D:5      | Reached **** piety under Trog
  4182 | D:6      | Reached skill level 6 in Shapeshifting
  4419 | D:6      | Found a stormy altar of Qazlal.
  4860 | D:6      | Found a glowing silver altar of Zin.
  4930 | D:6      | Reached skill level 7 in Shapeshifting
  5279 | D:6      | Identified 2 scrolls of acquirement
  5280 | D:6      | Acquired the ring "Riamue" {rF+ rC+ Int-3 Dex+4}
  5282 | D:6      | Acquired 928 gold pieces
  5304 | D:6      | Reached XP level 9. HP: 68/74 MP: 8/8
  5450 | D:7      | Reached skill level 8 in Shapeshifting
  5940 | D:7      | Found a broken altar of Ashenzari.
  5941 | D:7      | Found a staircase to the Ecumenical Temple.
  5957 | D:7      | Reached skill level 9 in Shapeshifting
  5990 | D:7      | Found a flagged portal.
  6385 | D:7      | Noticed Menkaure
  6510 | D:7      | Killed Menkaure
  7082 | D:8      | Noticed Prince Ribbit
  7092 | D:8      | Killed Prince Ribbit
  7093 | D:8      | Reached skill level 10 in Shapeshifting
  7167 | D:8      | Reached XP level 10. HP: 30/81 MP: 4/9
  7647 | D:8      | Noticed a two-headed ogre
  7655 | D:8      | Killed a two-headed ogre
  7968 | D:9      | Reached skill level 1 in Unarmed Combat
  8388 | D:9      | Reached skill level 11 in Shapeshifting
  8801 | D:9      | Noticed a +0 short sword
  8802 | D:9      | Noticed a +0 spear
  8802 | D:9      | Noticed a +0 falchion
  8802 | D:9      | Noticed a +0 falchion
  8803 | D:9      | Noticed a +0 dagger
  8803 | D:9      | Noticed a +0 spear
  8803 | D:9      | Noticed a +0 short sword
  8803 | D:9      | Noticed a +0 dagger
  8811 | D:9      | Found a hide-covered altar of Uskayaw.
  9546 | D:9      | Found a staircase to the Orcish Mines.
  9633 | D:9      | Noticed a two-headed ogre
  9637 | D:9      | Killed a two-headed ogre
  9638 | D:9      | Reached XP level 11. HP: 92/92 MP: 10/10
  9746 | D:10     | Entered Level 10 of the Dungeon
  9765 | D:10     | Found an iron altar of Okawaru.
  9813 | D:10     | Found a burning altar of Makhleb.
 10145 | D:10     | Noticed a two-headed ogre
 10149 | D:10     | Killed a two-headed ogre
 10150 | D:10     | Reached skill level 5 in Unarmed Combat
 10606 | D:11     | Noticed a boulder beetle
 10650 | D:11     | Killed a boulder beetle
 10765 | D:11     | Noticed a boulder beetle
 10772 | D:11     | Noticed a boulder beetle
 10894 | D:10     | Killed a boulder beetle
 10895 | D:10     | Reached skill level 12 in Shapeshifting
 10943 | D:11     | Killed a boulder beetle
 12517 | D:12     | Noticed a sixfirhy
 12582 | D:12     | Noticed a two-headed ogre
 12590 | D:12     | Killed a two-headed ogre
 12718 | D:12     | Reached XP level 12. HP: 97/104 MP: 9/11
 12825 | D:12     | HP: 6/126 [manticore/volley of spikes (4)]
 12826 | D:12     | Gained mutation: Your body sometimes deteriorates upon
                  | taking damage. [potion of mutation]
 12826 | D:12     | Gained mutation: Your natural rate of healing is unusually
                  | fast. [potion of mutation]
 13537 | D:11     | Found a staircase to the Lair.
 13564 | Lair:1   | Entered Level 1 of the Lair of Beasts
 13798 | Lair:1   | Reached skill level 13 in Shapeshifting
 14654 | Lair:2   | Identified the +1 long sword "Pirruunu" {flame, ^Fragile
                  | Fly rElec Dex+6}
 14863 | Lair:2   | Reached skill level 14 in Shapeshifting
 15344 | Lair:2   | Found a hole to the Spider Nest.
 15489 | Lair:3   | Found a transporter.
 15612 | Lair:3   | Noticed a five-headed hydra
 15612 | Lair:3   | Noticed Befuwnopp's ghost (journeyman TrHu)
 15707 | Lair:3   | Reached ***** piety under Trog
 15761 | Lair:3   | Found a staircase to the Shoals.
 15771 | Lair:3   | Reached XP level 13. HP: 86/112 MP: 6/12
 16133 | Lair:3   | Found a transporter.
 16445 | Lair:4   | HP: 1/150 [seven-headed hydra (7)]
 16447 | Lair:4   | Reached skill level 15 in Shapeshifting
 16791 | Lair:4   | Noticed Sonja
 17422 | Orc:1    | Entered Level 1 of the Orcish Mines
 17579 | Orc:1    | Found a runed translucent gate.
 17583 | Orc:1    | Found a runed translucent gate.
 17583 | Orc:1    | Found a runed translucent gate.
 17590 | Orc:1    | Found an opulent altar of Gozag.
 17591 | Orc:1    | Noticed Kaxaet's ghost (journeyman MfAl)
 17592 | Orc:1    | Found Antufom's Assorted Antiques.
 17593 | Orc:1    | Found Izofat's Assorted Antiques.
 17900 | Orc:1    | Reached skill level 10 in Fighting
 17948 | Orc:1    | Received a gift from Trog
 18035 | Orc:1    | Reached skill level 5 in Dodging
 18214 | Orc:1    | Found Reurise's Antique Armour Boutique.
 18325 | Orc:2    | Entered Level 2 of the Orcish Mines
 19166 | Orc:2    | Found a staircase to the Elven Halls.
 19479 | Orc:2    | Found Hevuimaofa's Armour Emporium.
 19484 | Orc:2    | HP: 1/166 [orc knight/+0 bardiche (16)]
 19485 | Orc:2    | Mangled by an orc knight

Illustrated notes

Levels and vault maps discovered:
D:1:      eino_arrival_cavern_b, layout_loops_ring
D:2:      layout_loops_cross, hangedman_feature_mirror, hangedman_decor_points,
          dreamdust_princess_bridge
D:3:      layout_basic, nicolae_vehumet_radiance, overflow_temple_1_default,
          hellmonk_ghost_happy_afterlife
D:4:      layout_gridville, nicolae_tso_swordbearing_angel
D:5:      layout_loops_ring, amethyst_overflow_temple_binary
D:6:      layout_basic, nicolae_qazlal_eye_of_the_storm, zin_statuary
D:7:      layout_cave_pools, ashenzari_altar_1,
          minmay_temple_entry_drinking_statues, enter_bailey_5,
          minmay_fractal_squares_5, uniq_menkaure
D:8:      layout_basic, uniq_prince_ribbit1
D:9:      layout_basic, nicolae_uskayaw_en_pointe, erik_orc_2, serial_bayou,
          serial_bayou_pond_e, serial_bayou_lake_a, serial_bayou_pond_c,
          serial_bayou_lagoon_a
D:10:     layout_cave_pools, lemuel_crystal_altar, bloody_makhleb,
          hangedman_abyss_or_decor_clamps
D:11:     layout_gridville, hellmonk_lair_entry_icy, minmay_misc_feat_doors,
          hangedman_batty
D:12:     layout_rooms
Lair:1:   layout_regular_city, chequers_serial_rivers_room_b
Lair:2:   layout_gridlike, hellmonk_spider_entry_life_and_decay,
          roderic_carrion_pond
Lair:3:   layout_gridlike, elwin_shoals_entry_stream, nzn_ghost_randoct
Lair:4:   layout_loops_ring, infiniplex_staircase_pool, uniq_sonja
Orc:1:    lemuel_ogre_cave, layout_diamond_mine, serial_shops, shop,
          ebering_ghost_gozag, sword_in_stone
Orc:2:    st_orc_town, layout_caves, basic_altar

Skill      XL: |  1  2  3  4  5  6  7  8  9 10 11 12 13 |
---------------+----------------------------------------+-----
Fighting       | 4 5 7 9 10 | 10.9
Axes           | 4 |  4.9
Armour         | 3 4 |  4.1
Dodging        | 3 5 |  5.8
Shapeshifting  | 1 3 5 7 10 11 12 14 15 | 15.7
Unarmed Combat | 4 7 8 |  8.8
Evocations     | |  0.8

Action                     |  1- 3 |  4- 6 |  7- 9 | 10-12 | 13-15 || total
---------------------------+-------+-------+-------+-------+-------++-------
  Melee: Hand axe          |   105 |    90 |   165 |       |       ||   360
         Headbutt          |    16 |    15 |    44 |     2 |       ||    77
         Punch             |     2 |     1 |     3 |     2 |    13 ||    21
         War axe           |       |       |   120 |     6 |       ||   126
         Unarmed           |       |       |       |   593 |   267 ||   860
         Constrict         |       |       |       |   117 |       ||   117
         Tailslap          |       |       |       |     4 |    35 ||    39
         Bite              |       |       |       |     2 |    31 ||    33
 Invoke: Berserk           |       |     5 |     8 |     9 |       ||    22
         Trog's Hand       |       |       |     4 |     7 |     7 ||    18
         Brothers in Arms  |       |       |     1 |     6 |     4 ||    11
Ability: Breathe Fire      |       |       |       |     5 |    11 ||    16
         Begin Untransform |       |       |       |     1 |       ||     1
  Evoke: Wand              |       |       |     1 |     8 |     3 ||    12
    Use: Scroll            |       |     2 |     5 |     8 |     3 ||    18
         Potion            |       |       |       |     5 |     1 ||     6
 Armour: Animal skin       |    35 |       |       |       |       ||    35
         Chain mail        |    30 |    72 |   241 |       |       ||   343
         Plate armour      |       |       |    51 |     4 |       ||    55
         Skin              |       |       |       |   728 |   274 ||  1002
  Dodge: Dodged            |    52 |    36 |   148 |   300 |   192 ||   728
   Form: Serpent           |       |       |       |     2 |       ||     2
         Dragon            |       |       |       |     4 |       ||     4
